 Dungeon Crawl Stone Soup version 0.30-a0-509-gd016549fea (webtiles) character file.

Game seed: 13592563814766977174

15139 Jase the Brawler (level 11, -1/96 HPs)
             Began as a Troll Monk on Dec 22, 2022.
             Was an Elder of Wu Jian.
             Slain by a seven-headed hydra (7 damage)
             ... on level 2 of the Lair of Beasts.
             The game lasted 00:22:03 (9092 turns).

Jase the Brawler (Troll Monk)                       Turns: 9092, Time: 00:22:03

Health: -1/96      AC: 15    Str: 29    XL:     11   Next: 97%
Magic:  0/10       EV: 10    Int: 12    God:    Wu Jian [****..]
Gold:   458        SH:  0    Dex: 12    Spells: 10/10 levels left

rFire   + . .      SeeInvis .    O - +2 flail (protect)
rCold   . . .      Faith    .    (no shield)
rNeg    + . .      Spirit   +    U - +0 troll leather armour
rPois   +          Reflect  .    (helmet restricted)
rElec   .          Harm     .    R - +1 cloak {rPois}
rCorr   .          Rampage  .    (gloves unavailable)
Will    ++...                    (boots unavailable)
Stlth   +.........               d - amulet "Qaameuti" {Spirit rF+ Will++ Str+4}
HPRegen 1.96/turn                C - +6 ring of intelligence
MPRegen 0.12/turn                M - ring of positive energy

@: exhausted, under a protective aura
A: large, unfitting armour, claws 3, regeneration 1, shaggy fur 1, tough skin 1
a: Renounce Religion, Wall Jump, Serpent's Lash


You were on level 2 of the Lair of Beasts.
You worshipped Wu Jian.
Wu Jian was greatly pleased with you.
You visited 3 branches of the dungeon, and saw 12 of its levels.

You collected 650 gold pieces.
You spent 192 gold pieces at shops.

Inventory:

Hand Weapons
 O - a +2 flail of protection (weapon)
Missiles
 c - 5 datura-tipped darts (quivered)
 l - 3 atropa-tipped darts
 o - 19 poisoned darts
 p - 104 stones
 B - 11 boomerangs
 Q - a throwing net
Armour
 u - a +1 robe of resistance
 A - an orb of wrath
 P - a +2 robe of willpower
 R - a +1 cloak of poison resistance (worn)
 S - +0 acid dragon scales
 U - a +0 troll leather armour (worn)
Jewellery
 d - the amulet "Qaameuti" (around neck) {Spirit rF+ Will++ Str+4}
   (You found it on level 1 of the Lair of Beasts)

   [amulet of guardian spirit]

   It causes incoming damage to be divided between your reserves of health and
   magic.
   Str:       It affects your strength (+4).
   rF:        It protects you from fire.
   Will:      It greatly increases your willpower.
 y - the amulet of Elemental Vulnerability {rPois rF-- rC-- AC+8}
   (You found it on level 4 of the Dungeon)

   [amulet of nothing]

   AC:        It affects your AC (+8).
   rF:        It makes you very vulnerable to fire.
   rC:        It makes you very vulnerable to cold.
   rPois:     It protects you from poison.
 C - a +6 ring of intelligence (left claw)
 M - a ring of positive energy (right claw)
Wands
 v - a wand of mindburst (32)
 E - a wand of paralysis (15)
 K - a wand of flame (37)
Scrolls
 f - a scroll of enchant armour {unknown}
 h - 2 scrolls of poison {unknown}
 k - 2 scrolls of fog {unknown}
 r - 9 scrolls of teleportation
 t - 2 scrolls of blinking
 x - 2 scrolls of magic mapping {unknown}
 F - a scroll of torment {unknown}
 L - 2 scrolls of amnesia {unknown}
 V - a scroll of silence {unknown}
Potions
 a - 2 potions of haste
 b - 4 potions of ambrosia
 e - 3 potions of brilliance
 j - 4 potions of degeneration {unknown}
 m - 4 potions of resistance {unknown}
 n - a potion of lignification
 q - a potion of berserk rage
 w - a potion of attraction
 z - 2 potions of might
 D - 2 potions of flight
 G - 2 potions of magic
 H - a potion of invisibility
 I - a potion of heal wounds
 J - 7 potions of curing {unknown}
 N - a potion of mutation
 T - a potion of cancellation


   Skills:
 + Level 2.9 Fighting
 - Level 2.4 Dodging
 - Level 1.0 Stealth
 + Level 19.1 Unarmed Combat


You had 10 spell levels left.
You didn't know any spells.
Your spell library contained the following spells:

 Spells                   Type           Power      Damage    Failure   Level
 Magic Dart               Conj           0%         1d3       36%         1
 Searing Ray              Conj           0%         2d4       50%         2
 Fulminant Prism          Conj/Hex       0%         3d5       98%         4


Dungeon Overview and Level Annotations

Branches:
Dungeon (9/15)             Temple (1/1) D:6            Lair (2/5) D:9
 Shoals (0/4) Lair:2          Orc (0/2) D:9
  Snake: Lair:2-3    Spider: Lair:2-3

Altars:
Ashenzari
Cheibriados
Dithmenos
Elyvilon
Fedhas
Gozag
Hepliaklqana
Kikubaaqudgha
Makhleb
Nemelex Xobeh
Okawaru
Qazlal
Ru
Sif Muna
Trog
Uskayaw
Vehumet
Wu Jian
Xom
Yredelemnul
Zin
The Shining One

Shops:
D:6 !


Innate Abilities, Weirdness & Mutations

You are too large for most types of armour.
You have claws for hands.
Your natural rate of healing is unusually fast.
You are covered in fur. (AC +1)
You have tough skin. (AC +1)


Message History

Unknown command.
Your muscles tense, ready for explosive movement...
Aiming: Wall Jump
Press: ? - help, Dir - move target You repeatedly attack the seven-headed hydra from above, with incredible momentum.
You sock the seven-headed hydra!
The seven-headed hydra is moderately wounded.
You sock the seven-headed hydra!
The seven-headed hydra is heavily wounded.
You repeatedly attack the black mamba from above, with incredible momentum.
You thump the black mamba!
The black mamba is heavily wounded.
You hit the black mamba. You claw the black mamba.
The black mamba is severely wounded.
Your supernatural speed expires.
Aiming: Wall Jump
Press: ? - help, Dir - move target You repeatedly attack the black mamba from above.
You sock the black mamba!
You kill the black mamba!
The Council accepts your kill.
You repeatedly attack the seven-headed hydra from above.
You barely miss the seven-headed hydra.
The seven-headed hydra is heavily wounded.
You hit the seven-headed hydra.
The seven-headed hydra is heavily wounded.
The seven-headed hydra bites you but does no damage.
The seven-headed hydra bites you.
* * * LOW HITPOINT WARNING * * *
The seven-headed hydra bites you but does no damage.
The seven-headed hydra bites you.
* * * LOW HITPOINT WARNING * * *
The seven-headed hydra bites you but does no damage.
The seven-headed hydra barely misses you.
The seven-headed hydra bites you but does no damage.
The seven-headed hydra barely misses you.
The seven-headed hydra bites you but does no damage.
The seven-headed hydra closely misses you.
The seven-headed hydra bites you!
You die...

. #...###...##P..... ..#
#...P##.....+..... ...#
#.... ##.####..... ....#
#...# ### ##.....
..8...##.#####.###......
......##○8.##..........[
......○.°...............
8.>.8.+D○<.8#...........
......#@○...#...........
......##°8.###...###....
..8....#.#.#..#.#.##...#
....##..[.##...........#
. #......#.......P....#
##..<..........#....#
#.......##.......#...#
.##......#......##...#
#.....##......+....#


You could see a seven-headed hydra.

Vanquished Creatures
  A catoblepas (Lair:1)
  A two-headed ogre (D:9)
  Maurice (D:8)
  Joseph (Lair:1)
  A black mamba (Lair:2)
  A merfolk siren (Lair:2)
  Maggie (D:8)
  4 cane toads
  3 komodo dragons
  A troll (D:9)
  A troll (shapeshifter) (D:9)
  12 blink frogs
  2 polar bears
  2 hornets (D:9)
  A shadow (D:9)
  11 yaks
  2 basilisks (Lair:1)
  3 acid dragons
  6 water moccasins
  2 ice beasts
  An orc warrior (D:8)
  A sky beast (D:8)
  3 black bears
  3 ogres
  10 wolves
  3 centaurs
  A kobold brigand (D:9)
  A phantom (D:2)
  7 bullfrogs
  A scorpion (D:4)
  A gnoll sergeant (D:9)
  5 wights
  An electric eel (Lair:2)
  A vampire bat (D:5)
  6 howler monkeys
  2 jellies
  3 hounds
  2 gnoll boudas
  2 orc priests
  3 iguanas
  6 orc wizards
  2 hell rats (Lair:1)
  Robin (D:2)
  20 gnolls
  6 river rats (Lair:1)
  10 adders
  A shadow imp (D:7)
  2 white imps
  2 ufetubi
  2 worms
  4 dart slugs
  3 fire bats (D:5)
  26 orcs
  2 spectral bats (D:5)
  11 bats
  3 bat skeletons (D:5)
  A bat zombie (D:5)
  10 endoplasms
  11 goblins
  6 hobgoblins
  3 jackals (D:4)
  5 quokkas
  A ball python (D:1)
  A bat simulacrum (D:5)
  4 frilled lizards
  6 kobolds
  5 rats
268 creatures vanquished.

Vanquished Creatures (others)
  A centaur (D:8)
  11 fungi
  11 plants
23 creatures vanquished.

Grand Total: 291 creatures vanquished

Notes
Turn   | Place    | Note
-------+----------+-------------------------------------------
     0 | D:1      | Jase the Troll Monk began the quest for the Orb.
     0 | D:1      | Reached XP level 1. HP: 22/22 MP: 0/0
   358 | D:1      | You fall into a shaft and drop 1 floor!
   464 | D:1      | Found a faded altar of an unknown god.
   466 | D:1      | Reached XP level 2. HP: 29/29 MP: 1/1
   814 | D:2      | Noticed a phantom
   821 | D:2      | Killed a phantom
   822 | D:2      | Reached skill level 5 in Unarmed Combat
   822 | D:2      | Reached XP level 3. HP: 15/36 MP: 2/2
   822 | D:2      | Reached XP level 4. HP: 19/44 MP: 3/3
  1022 | D:2      | Noticed Robin
  1040 | D:2      | Killed Robin
  1631 | D:3      | Reached XP level 5. HP: 50/50 MP: 4/4
  1742 | D:3      | Reached skill level 6 in Unarmed Combat
  1963 | D:4      | Reached skill level 7 in Unarmed Combat
  1963 | D:4      | Reached XP level 6. HP: 57/59 MP: 5/5
  2297 | D:4      | Found the amulet of Elemental Vulnerability {rPois rF--
                  | rC-- AC+8}
  3231 | D:5      | Entered Level 5 of the Dungeon
  3240 | D:5      | Identified the +5 ring mail of the Louse {+Inv rN+}
  3279 | D:5      | Reached skill level 8 in Unarmed Combat
  3356 | D:5      | Reached XP level 7. HP: 66/66 MP: 6/6
  3992 | D:5      | Found a shimmering blue altar of Sif Muna.
  4003 | D:5      | Reached skill level 9 in Unarmed Combat
  4429 | D:6      | Found Wycistol's Distillery.
  4436 | D:6      | Reached skill level 10 in Unarmed Combat
  4436 | D:6      | Reached XP level 8. HP: 74/74 MP: 7/7
  4442 | D:6      | Bought a potion of invisibility for 96 gold pieces
  4442 | D:6      | Bought a potion of heal wounds for 60 gold pieces
  4442 | D:6      | Bought a potion of lignification for 36 gold pieces
  4577 | D:6      | Found a staircase to the Ecumenical Temple.
  4588 | Temple   | Entered the Ecumenical Temple
  4770 | Temple   | Became a worshipper of the Wu Jian Council
  4770 | Temple   | Reached * piety under Wu Jian
  4770 | Temple   | Reached ** piety under Wu Jian
  5241 | D:7      | Reached skill level 11 in Unarmed Combat
  5754 | D:7      | Reached skill level 12 in Unarmed Combat
  5764 | D:8      | Found a glowing silver altar of Zin.
  5765 | D:8      | Found a hazy altar of Hepliaklqana.
  5809 | D:8      | Reached XP level 9. HP: 70/80 MP: 8/8
  5900 | D:8      | Reached skill level 13 in Unarmed Combat
  5906 | D:8      | Reached *** piety under Wu Jian
  5983 | D:8      | Noticed Maggie
  5998 | D:8      | Killed Maggie
  6099 | D:8      | Noticed Maurice
  6115 | D:8      | Killed Maurice
  6274 | D:8      | Reached skill level 14 in Unarmed Combat
  6727 | D:9      | Found a broken altar of Ashenzari.
  6742 | D:9      | Found a staircase to the Lair.
  6839 | D:9      | Noticed a fire crab
  6855 | D:9      | a fire crab changed into a troll
  6855 | D:9      | Noticed a troll (shapeshifter)
  6857 | D:9      | Killed a troll
  6858 | D:9      | Reached XP level 10. HP: 62/88 MP: 9/9
  7085 | D:9      | Noticed a two-headed ogre
  7090 | D:9      | Killed a two-headed ogre
  7090 | D:9      | Reached skill level 15 in Unarmed Combat
  7243 | D:9      | Found a staircase to the Orcish Mines.
  7575 | D:9      | Reached skill level 16 in Unarmed Combat
  7771 | Lair:1   | Entered Level 1 of the Lair of Beasts
  7832 | Lair:1   | Reached **** piety under Wu Jian
  7843 | Lair:1   | Noticed a cane toad
  7851 | Lair:1   | Killed a cane toad
  7896 | Lair:1   | Noticed a catoblepas
  7907 | Lair:1   | Reached XP level 11. HP: 94/94 MP: 10/10
  7913 | Lair:1   | Killed a catoblepas
  7914 | Lair:1   | Reached skill level 17 in Unarmed Combat
  8009 | Lair:1   | Noticed Joseph
  8144 | Lair:1   | Identified the amulet "Qaameuti" {Spirit rF+ Will++ Str+4}
  8433 | Lair:1   | Killed Joseph
  8645 | Lair:1   | Reached skill level 18 in Unarmed Combat
  8942 | Lair:2   | Reached skill level 19 in Unarmed Combat
  9015 | Lair:2   | Found a staircase to the Shoals.
  9081 | Lair:2   | Noticed a seven-headed hydra
  9092 | Lair:2   | Slain by a seven-headed hydra

Illustrated notes

Levels and vault maps discovered:
D:1:      saegor_arrival_simple_c, layout_loops_cross,
          hellmonk_ecumenical_altar_run_dry
D:2:      layout_loops_cross, uniq_robin
D:3:      layout_basic
D:4:      layout_layer_cave, serial_forest, infiniplex_forest_straight_2,
          infiniplex_forest_fountain, infiniplex_forest_clump_long,
          infiniplex_forest_lined_2
D:5:      layout_basic, lemuel_doored_altar, goddamned_bats
D:6:      layout_layer_cave, minmay_temple_entry_poolview, serial_shops,
          nicolae_shop_hallway_plus
D:7:      layout_loops_cross
D:8:      layout_loops_ring, grunt_temple_overflow_open, uniq_maggie,
          uniq_maurice
D:9:      minmay_opposing_rooms, layout_loops_cross,
          cheibrodos_ashenzari_chains, orc_0_dummy
Temple:   dpeg_five_rooms_temple
Lair:1:   layout_roguey, kennysheep_rathole, uniq_joseph
Lair:2:   layout_regular_city, minmay_shoals_entry_lonely_mermaid,
          grunt_megastairs_3, lemuel_fruit_tree, serial_bayou_shore_a,
          serial_bayou_shore_b, uniq_amaemon

Skill      XL: |  1  2  3  4  5  6  7  8  9 10 11 |
---------------+----------------------------------+-----
Unarmed Combat | 5 7 8 10 12 14 16 19 | 19.1
Fighting       | |  2.9
Dodging        | |  2.4
Stealth        | |  1.0

Action                   |  1- 3 |  4- 6 |  7- 9 | 10-12 || total
-------------------------+-------+-------+-------+-------++-------
Melee: Unarmed           |    36 |   157 |   253 |   269 ||   715
       Punch             |     1 |     4 |     8 |    22 ||    35
       Flail             |       |       |       |    12 ||    12
Throw: Dart              |       |       |     1 |       ||     1
Invok: Lunge             |       |       |    21 |    27 ||    48
       Whirlwind         |       |       |     5 |    20 ||    25
       Serpent's Lash    |       |       |       |     3 ||     3
 Abil: Wall Jump         |       |       |     8 |    13 ||    21
  Use: Potion            |       |       |     1 |     1 ||     2
       Scroll            |       |       |       |    14 ||    14
 Stab: Sleeping          |     1 |     5 |     2 |     1 ||     9
       Distracted        |       |       |     1 |     2 ||     3
Armor: Robe              |    11 |    51 |    91 |     7 ||   160
       Skin              |       |       |    45 |       ||    45
       Troll leather arm |       |       |       |    40 ||    40
Dodge: Dodged            |    20 |    58 |   112 |    80 ||   270

Table legend: (Time is in decaauts)
 A = Elapsed time spent in this place.
 B = Non-inter-level travel time spent in this place.
 C = Inter-level travel time spent in this place.
 D = Time resting spent in this place.
 E = Time spent auto-exploring this place.
 F = Levels seen in this place.
 G = Mean time per level.
                   A        B        C        D        E       F      G
               +--------+--------+--------+--------+--------+-----+--------+
         Total |   8994 |   8728 |    266 |    409 |   6724 |  12 |  749.5 |
       Dungeon |   7494 |   7267 |    227 |    248 |   5765 |   9 |  832.7 |
        Temple |    211 |    182 |     29 |      0 |    170 |   1 |  211.0 |
          Lair |   1287 |   1277 |     10 |    161 |    789 |   2 |  643.5 |
               +--------+--------+--------+--------+--------+-----+--------+

Top non-repeatable levels by time:
     D:4: 1353 daAuts
     D:9: 1123 daAuts
  Lair:1: 993 daAuts
     D:8: 866 daAuts
     D:6: 859 daAuts
     D:5: 835 daAuts
     D:2: 653 daAuts
     D:1: 632 daAuts
     D:7: 597 daAuts
     D:3: 572 daAuts
  Lair:2: 294 daAuts
  Temple: 211 daAuts
